 Dungeon Crawl Stone Soup version 0.31-a0-222-gefeffbb62a (webtiles) character file.

Game seed: 8949594935526377147

535 qw the Shooter (level 7, 0/59 HPs)
             Began as a Minotaur Hexslinger on July 5, 2023.
             Slain by an ice beast (2 damage)
             ... on level 4 of the Dungeon.
             The game lasted 00:01:37 (3023 turns).

qw the Shooter (Minotaur Hexslinger)                Turns: 3023, Time: 00:01:37

Health: 0/59       AC:  7    Str: 11    XL:     7   Next: 4%
Magic:  7/7        EV: 15    Int: 10    God:
Gold:   83         SH:  0    Dex: 14    Spells: 7/8 levels left

rFire   . . .        Y - +1 sling (freeze)
rCold   . . .        (no shield)
rNeg    + . .        h - +0 ring mail
rPois   .            (helmet restricted)
rElec   .            g - +0 cloak
rCorr   .            (no gloves)
SInv    .            j - +0 pair of boots
Will    .....        (no amulet)
Stlth   +            f - ring of positive energy
HPRegen 0.00/turn    e - +5 ring of evasion
MPRegen 0.10/turn

%: no passive effects
@: about to teleport, inhibited regen
A: horns 2, retaliatory headbutt, inhibited regeneration, weak 1
a: no special abilities


You were on level 4 of the Dungeon.
You visited 1 branch of the dungeon, and saw 5 of its levels.

You collected 215 gold pieces.
You spent 132 gold pieces at shops.


Innate Abilities, Weirdness & Mutations

You have a pair of horns on your head.
You reflexively headbutt those who attack you in melee.
You do not regenerate when monsters are visible.
You are weak. (Str -2)


   Skills:
 - Level 4.1 Fighting
 + Level 7.2 Ranged Weapons
 - Level 2.2 Armour
 - Level 2.1 Dodging
 - Level 1.0 Spellcasting
 - Level 2.0 Hexes


You had 7 spell levels left.
You knew the following spells:

 Your Spells              Type           Power      Damage    Failure   Level
a - Slow                  Hex            16%        N/A       34%         1

Your spell library contained the following spells:

 Spells                   Type           Power      Damage    Failure   Level
 Inner Flame              Hex/Fire       2%         N/A       85%         3
 Portal Projectile        Hex/Tloc       4%         N/A       85%         3
 Cause Fear               Hex            2%         N/A       98%         4

Inventory:

Hand Weapons
 Y - a +1 sling of freezing (weapon)
Armour
 g - a +0 cloak (worn)
 h - a +0 ring mail (worn)
 j - a +0 pair of boots (worn)
Jewellery
 e - a +5 ring of evasion (right hand)
 f - a ring of positive energy (left hand)
Potions
 a - a potion of haste {unknown}
 b - a potion of heal wounds {unknown}
 i - a potion of cancellation
 k - 3 potions of curing

Dungeon Overview and Level Annotations

Branches:
Dungeon (5/15)
 Temple: D:4-7

Altars:
Fedhas

Shops:
D:4 !


Message History

The sky beast completely misses you. The iguana barely misses you.
You shoot a sling bullet.
The sling bullet hits the iguana but does no damage.
The iguana is heavily wounded.
The sky beast hits you but does no damage.
The ice beast hits you. The ice beast freezes you!
The iguana closely misses you. You furiously retaliate!
You headbutt the iguana. You shoot a sling bullet.
The sling bullet hits the iguana!
The iguana seems to slow down.
The sling bullet freezes the iguana.
You kill the iguana!
The sky beast hits you. The sky beast shocks you.
The ice beast completely misses you.
You have reached level 7!
You shoot a sling bullet. The sling bullet hits the sky beast.
The sling bullet freezes the sky beast.
The sky beast is heavily wounded.
The sky beast hits you but does no damage.
The ice beast completely misses you.
You shoot a sling bullet.
The sling bullet hits the sky beast but does no damage.
The sky beast is heavily wounded.
The sky beast closely misses you. The ice beast closely misses you.
You furiously retaliate!
You headbutt the ice beast. You shoot a sling bullet.
The sling bullet barely misses the sky beast.
The sky beast hits you. The sky beast shocks you.
The ice beast hits you but does no damage.
The sky beast hits you but does no damage.
The ice beast hits you. The ice beast freezes you!
3022 ||| READING scroll of teleportation.
As you read the scroll of teleportation, it crumbles to dust.
You feel strangely unstable. The sky beast barely misses you.
The ice beast hits you but does no damage.
You shoot a sling bullet. The sling bullet hits the sky beast.
The sling bullet freezes the sky beast.
The sky beast is severely wounded.
The sky beast barely misses you. You furiously retaliate!
You headbutt the sky beast. The ice beast hits you.
You die...

##.#..##........#........
##....#.....[..#...#......
#.....#......###...#....#.
#.......##....##..<....##.
#.......#..............##.
##..........[.......##%#..
#..##..........#..###...(
##..#..........#.##....<.
####..##..Y@................
##.#........Y...........##...
##...............##......##.##
#..\..............#...#.###.##
##..##.........(.....#### #..#
###...####........#......###..#
#......# #........#......#....#
##......###...##..##.####......#
#...##........#......####..#####


You could see an ice beast and a sky beast.

Vanquished Creatures
  A black bear (D:3)
  An ogre (D:3)
  2 hounds (D:4)
  An orc priest (D:4)
  2 iguanas
  10 adders
  5 worms
  4 dart slugs
  11 orcs
  10 ball pythons
  8 endoplasms
  7 giant cockroaches
  10 goblins
  7 hobgoblins
  10 kobolds
  4 quokkas
  5 bats
  2 frilled lizards (D:2)
  6 rats
106 creatures vanquished.

Notes
Turn   | Place    | Note
-------+----------+-------------------------------------------
     0 | D:1      | qw the Minotaur Hexslinger began the quest for the Orb.
     0 | D:1      | Reached XP level 1. HP: 16/16 MP: 1/1
     0 | D:1      | 0 ||| qw: Version: 0.3-a-46-gb1f654a
     0 | D:1      | 0 ||| qw: Game counter: 1040
     0 | D:1      | 0 ||| qw: Melee chars always use a shield: true
     0 | D:1      | 0 ||| qw: God list: Okawaru
     0 | D:1      | 0 ||| qw: Allow faded altars: false
     0 | D:1      | 0 ||| qw: Do Orc after clearing Dungeon:15 true
     0 | D:1      | 0 ||| qw: Do second Lair branch before Depths: true
     0 | D:1      | 0 ||| qw: Lair rune preference: random
     0 | D:1      | 0 ||| qw: Goals: Normal
     0 | D:1      | 0 ||| PLANNING D:1-11
   220 | D:1      | Reached skill level 3 in Ranged Weapons
   220 | D:1      | Reached XP level 2. HP: 19/23 MP: 2/2
   737 | D:1      | 737 ||| UPGRADING to +0 cloak.
   742 | D:1      | 742 ||| DROPPING scarf of harm.
   743 | D:1      | 743 ||| UPGRADING to +0 pair of boots.
   748 | D:1      | 748 ||| UPGRADING to ring of positive energy.
   749 | D:1      | 749 ||| READING 2 scrolls labelled WIREUS JAORIE.
   750 | D:1      | 750 ||| READING scroll labelled QOOSMU FERUDD.
   753 | D:1      | 753 ||| READING scroll labelled CERALOHAGU.
   754 | D:1      | 754 ||| DROPPING scroll of noise.
   755 | D:1      | 755 ||| DROPPING scroll of poison.
   792 | D:2      | Reached XP level 3. HP: 29/29 MP: 3/3
   901 | D:2      | Reached skill level 4 in Ranged Weapons
  1084 | D:2      | Found a faded altar of an unknown god.
  1255 | D:2      | 1255 ||| UPGRADING to +0 leather armour.
  1265 | D:2      | 1265 ||| DROPPING +0 robe.
  1266 | D:2      | 1266 ||| UPGRADING to +5 ring of evasion.
  1267 | D:2      | 1267 ||| READING scroll labelled ANOSMIR ITOS.
  1268 | D:2      | 1268 ||| READING scroll labelled FUOCWA YG CICE.
  1315 | D:2      | 1315 ||| DRINKING 2 fizzy clear potions.
  1315 | D:2      | Gained mutation: You are occasionally teleported next to
                  | monsters. [potion of mutation]
  1315 | D:2      | Gained mutation: You are dopey. (Int -2) [potion of
                  | mutation]
  1316 | D:2      | 1316 ||| DRINKING potion of mutation.
  1316 | D:2      | Lost mutation: You are occasionally teleported next to
                  | monsters. [potion of mutation]
  1316 | D:2      | Lost mutation: You are dopey. (Int -2) [potion of mutation]
  1316 | D:2      | Gained mutation: You have large cloven feet. [potion of
                  | mutation]
  1316 | D:2      | Lost mutation: You have large cloven feet. [potion of
                  | mutation]
  1316 | D:2      | Gained mutation: You are frail. (-10% HP) [potion of
                  | mutation]
  1316 | D:2      | Gained mutation: Your spells are a little harder to cast,
                  | but a little more powerful. [potion of mutation]
  1371 | D:3      | Reached XP level 4. HP: 32/32 MP: 4/4
  1459 | D:3      | Found a blossoming altar of Fedhas.
  1484 | D:3      | HP: 8/32 [poisoned by an adder]
  1488 | D:3      | HP: 3/32 [poisoned by an adder]
  1491 | D:3      | HP: 1/32 [poisoned by an adder]
  1590 | D:3      | Identified the +5 short sword of Mastery {freeze, rF+ Dex+3
                  | Stlth+}
  1591 | D:3      | 1591 ||| FLEEEEING.
  1592 | D:3      | 1592 ||| FLEEEEING.
  1593 | D:3      | 1593 ||| FLEEEEING.
  1594 | D:3      | 1594 ||| FLEEEEING.
  1595 | D:3      | 1595 ||| FLEEEEING.
  1596 | D:3      | 1596 ||| FLEEEEING.
  1597 | D:3      | 1597 ||| FLEEEEING.
  1626 | D:3      | Reached skill level 5 in Ranged Weapons
  1908 | D:3      | Reached skill level 3 in Fighting
  2027 | D:3      | 2027 ||| UPGRADING to +0 ring mail.
  2037 | D:3      | 2037 ||| DROPPING +0 leather armour.
  2058 | D:4      | 2058 ||| PLANNING SEWER
  2063 | D:4      | Noticed a black bear
  2065 | D:4      | Reached skill level 1 in Armour
  2065 | D:4      | Reached XP level 5. HP: 40/40 MP: 5/5
  2073 | D:4      | 2073 ||| STAIRDANCE
  2076 | D:3      | Killed a black bear
  2077 | D:3      | Reached skill level 6 in Ranged Weapons
  2136 | D:4      | Reached XP level 6. HP: 45/45 MP: 6/6
  2172 | D:4      | 2172 ||| FLEEEEING.
  2173 | D:4      | 2173 ||| FLEEEEING.
  2174 | D:4      | 2174 ||| FLEEEEING.
  2176 | D:4      | 2176 ||| FLEEEEING.
  2177 | D:4      | 2177 ||| FLEEEEING.
  2178 | D:4      | 2178 ||| FLEEEEING.
  2179 | D:4      | 2179 ||| STAIRDANCE
  2211 | D:4      | 2211 ||| STAIRDANCE
  2325 | D:4      | 2325 ||| DRINKING potion of mutation.
  2325 | D:4      | Lost mutation: Your spells are a little harder to cast, but
                  | a little more powerful. [potion of mutation]
  2325 | D:4      | Lost mutation: You are frail. (-10% HP) [potion of
                  | mutation]
  2325 | D:4      | Gained mutation: You are weak. (Str -2) [potion of
                  | mutation]
  2325 | D:4      | Gained mutation: You do not regenerate when monsters are
                  | visible. [potion of mutation]
  2356 | D:4      | Found Ogiarchy's Distillery.
  2364 | D:4      | 2364 ||| SHOPLISTING 2 potions of haste (240 gold, have
                  | 177).
  2364 | D:4      | 2364 ||| BUYING potion of cancellation (96 gold).
  2364 | D:4      | Bought a potion of cancellation for 96 gold pieces
  2364 | D:4      | 2364 ||| SHOPLISTING potion of cancellation (96 gold, have
                  | 81).
  2364 | D:4      | 2364 ||| BUYING potion of curing (36 gold).
  2364 | D:4      | Bought a potion of curing for 36 gold pieces
  2364 | D:4      | 2364 ||| SHOPLISTING potion of enlightenment (60 gold, have
                  | 45).
  2364 | D:4      | 2364 ||| SHOPLISTING potion of heal wounds (60 gold, have
                  | 45).
  2364 | D:4      | 2364 ||| SHOPLISTING potion of mutation (96 gold, have 45).
  2410 | D:4      | Found a glowing drain.
  2619 | D:4      | Reached skill level 7 in Ranged Weapons
  2815 | D:4      | 2815 ||| RIP SEWER
  2852 | D:4      | 2852 ||| PLANNING D:1-11
  2859 | D:4      | 2859 ||| DRINKING 2 sedimented grey potions.
  2881 | D:4      | 2881 ||| DROPPING potion of lignification.
  2991 | D:4      | 2991 ||| READING scroll labelled ENODAJ UCONKE.
  3007 | D:5      | Entered Level 5 of the Dungeon
  3007 | D:5      | Noticed an ice beast
  3007 | D:5      | Noticed a sky beast
  3013 | D:5      | 3013 ||| STAIRDANCE
  3019 | D:4      | Reached XP level 7. HP: 21/59 MP: 7/7
  3021 | D:4      | HP: 13/59 [sky beast (6)]
  3021 | D:4      | HP: 2/59 [ice beast (7)]
  3022 | D:4      | 3022 ||| READING scroll of teleportation.
  3023 | D:4      | Slain by an ice beast

Levels and vault maps discovered:
D:1:      shiori_arrival_elements, layout_loops_ring
D:2:      layout_rooms, shapermc_ecumenical_altar_pompeii,
          corexii_hall_statues_s, grunt_decor_cap, kennysheep_flooded_box,
          minmay_quantized
D:3:      layout_basic, nicolae_overflow_crystal_walls, due_unseen_surprise
D:4:      minmay_angry_zag, layout_cave_pools, portal_sewer_entry_c,
          serial_shops, shop
D:5:      layout_rooms, mainiacjoe_overflow_six_doors_small,
          minmay_temple_entry_ruins, skrybe_limestone_x

Skill      XL: |  1  2  3  4  5  6 |
---------------+-------------------+-----
Ranged Weapons | 3 4 5 6 7 |  7.2
Fighting       | 2 3 4 |  4.1
Armour         | 1 2 |  2.2
Dodging        | |  2.1
Spellcasting   | |  1.0
Hexes          | |  2.0

Action                     |  1- 3 |  4- 6 |  7- 9 || total
---------------------------+-------+-------+-------++-------
   Fire: Sling             |   107 |   250 |     4 ||   361
    Use: Scroll            |     5 |     1 |     1 ||     7
         Potion            |     2 |     2 |       ||     4
 Armour: Robe              |     5 |       |       ||     5
         Leather armour    |       |     4 |       ||     4
         Ring mail         |       |    41 |     4 ||    45
  Dodge: Dodged            |    19 |   151 |     5 ||   175

Table legend:
 A = Non-vault XP
 B = Vault XP
 C = Vault XP percentage of total XP
 D = Non-vault monster count
 E = Vault monster count
 F = Vault count percentage of total count
                 A         B        C        D         E       F
            +---------+---------+-------+---------+---------+-------
      Total |     678 |      87 |  11.4 |      89 |      17 |  16.0
            +---------+---------+-------+---------+---------+-------
        D:1 |      30 |       0 |   0.0 |      18 |       0 |   0.0
        D:2 |      48 |       5 |   9.4 |      18 |       3 |  14.3
        D:3 |     386 |       0 |   0.0 |      31 |       0 |   0.0
        D:4 |     214 |      82 |  27.7 |      22 |      14 |  38.9
            +---------+---------+-------+---------+---------+-------
